cohdb
Replays
Latest Replays
All Replays
Popular Replays
Top Player Replays
Match Explorer
How It Works
Community
CoH3 Stats
Reddit
Sign in to upload your games and track your stats! →
Sign in with Steam
Match 45280655
Unlisted
Match 45280655
Overview
Messages
Build Orders
End
Construct Infanterie Kompanie
MG 42 Machine Gun Team
Grenadier Squad
GrW 34 Mortar Team
Medical Station
Infanterie Officer Quarters
MG 42 Machine Gun Team
Construct Panzergrenadier Kompanie
Panzergrenadier Squad
Selects Breakthrough Battlegroup
Selects Assault Grenadiers
Selects Smoke Bombing Run
251 Medium Carrier
Panzergrenadier Squad
Selects Rapid Production
Pak 40 Anti-tank Gun Team
Pioneer Squad
Construct Panzer Kompanie
Smoke Bombing Run
Sturmpanzer IV Brummbär
Pak 40 Anti-tank Gun Team
Selects Blitzkrieg
Selects Mechanized Assault Group
Mechanized Assault Group
Panzer IV Medium Tank
Blitzkrieg
ryu234
B3astHunt3r
kills
Hellfire
HeySushiii_TTV
Blitz_Gamer93
MangoJoz
Пингвин Пороро
0
0
Comments
sign in to comment!
No comments posted yet!